MWL (24 & UNDER)
LEE'S SUMMIT TIGERS @ MINNESOTA DEATH STARS
07/01/2028
 
TOP OF THE 1ST
Lee's Summit Tigers batting - Pitching for Minnesota Death Stars : RHP Dan Jones
Pitching: RHP Dan Jones
Batting: RHB Stan Taylor 0-0: Ball
1-0: Ball
2-0: Foul Ball, location: 2F
2-1: Swinging Strike
2-2: Strikes out swinging
Batting: RHB Ricardo Velásquez 0-0: Fly out, F7 (Line Drive, 7)
Batting: LHB Dudley Cooper 0-0: Foul Ball, location: 2F
0-1: Ball
1-1: Ball
2-1: Swinging Strike
2-2: Ball
3-2: Ground out U3 (Groundball, 34)
Top of the 1st over - 0 run(s), 0 hit(s), 0 error(s), 0 left on base; Lee's Summit 0 - Minnesota 0
BOTTOM OF THE 1ST
Minnesota Death Stars batting - Pitching for Lee's Summit Tigers : RHP Patrick Singleton
Pitching: RHP Patrick Singleton
Batting: RHB José Chávez 0-0: Ball
1-0: SINGLE (Flyball, 9LS)
Batting: RHB Sean White 0-0: Ball
1-0: Ground out 5-3 (Groundball, 25)
José Chávez to second
Batting: RHB William Robinson 0-0: Called Strike
0-1: Ball
1-1: SINGLE (Groundball, 6MD)
José Chávez to third
Runner from 3rd tries for Home, SAFE, no throw
Batting: LHB Emílio Montoya 0-0: Called Strike
0-1: Single, Error in OF, E9, batter to second base
William Robinson to third
Batting: RHB Sidney Smith 0-0: Called Strike
0-1: Ball
1-1: Ball
2-1: Foul Ball, location: 2F
2-2: Strikes out swinging
Batting: LHB William Harris 0-0: Ball
1-0: Swinging Strike
1-1: Swinging Strike
1-2: Strikes out swinging
Bottom of the 1st over - 1 run(s), 3 hit(s), 1 error(s), 2 left on base; Lee's Summit 0 - Minnesota 1
TOP OF THE 2ND
Lee's Summit Tigers batting - Pitching for Minnesota Death Stars : RHP Dan Jones
Batting: LHB Al Miller 0-0: Foul Ball, location: 2F
0-1: Ball
1-1: Foul Ball, location: 2F
1-2: Foul Ball, location: 2F
1-2: Foul Ball, location: 2F
1-2: Ball
2-2: Foul Ball, location: 2F
2-2: Fly out, F9 (Line Drive, 9S)
Batting: LHB Glenn Williamson 0-0: Called Strike
0-1: Ball
1-1: Foul Ball, location: 2F
1-2: Foul Ball, location: 2F
1-2: Ground out 3-1 (Groundball, 34)
Batting: RHB Valentín Saldaña 0-0: Called Strike
0-1: Ball
1-1: Foul Ball, location: 2F
1-2: Strikes out swinging
Top of the 2nd over - 0 run(s), 0 hit(s), 0 error(s), 0 left on base; Lee's Summit 0 - Minnesota 1
BOTTOM OF THE 2ND
Minnesota Death Stars batting - Pitching for Lee's Summit Tigers : RHP Patrick Singleton
Batting: RHB Manuel Cintrón 0-0: Ball
1-0: Ball
2-0: Swinging Strike
2-1: Foul Ball, location: 2F
2-2: Strikes out swinging
Batting: RHB Ryan Williams 0-0: Called Strike
0-1: DOUBLE (Line Drive, 8RD)
Batting: SHB Manuel Jiménez 0-0: Ground out 6-3 (Groundball, 6M)
Ryan Williams to third
Batting: RHB José Chávez 0-0: Called Strike
0-1: Swinging Strike
0-2: Ball
1-2: Fly out, F7 (Flyball, 7S)
Bottom of the 2nd over - 0 run(s), 1 hit(s), 0 error(s), 1 left on base; Lee's Summit 0 - Minnesota 1
TOP OF THE 3RD
Lee's Summit Tigers batting - Pitching for Minnesota Death Stars : RHP Dan Jones
Batting: RHB Steve Johnson 0-0: Fly out, F8 (Flyball, 8LM)
Batting: LHB José Guerrero 0-0: Ball
1-0: Fly out, F8 (Line Drive, 8LM)
Batting: RHB Travis Ezell 0-0: Ground out 4-3 (Groundball, 4S)
Top of the 3rd over - 0 run(s), 0 hit(s), 0 error(s), 0 left on base; Lee's Summit 0 - Minnesota 1
BOTTOM OF THE 3RD
Minnesota Death Stars batting - Pitching for Lee's Summit Tigers : RHP Patrick Singleton
Batting: RHB Sean White 0-0: Foul Ball, location: 2F
0-1: Ball
1-1: Bunt missed!
1-2: SINGLE (Line Drive, 78M)
Batting: RHB William Robinson 0-0: Foul Ball, location: 2F
0-1: Ball
1-1: Ball
2-1: Fielders Choice at 2nd, 4-6 (Groundball, 4)
Batting: LHB Emílio Montoya 0-0: Ball
1-0: Foul Ball, location: 2F
1-1: Ball
2-1: Ball
3-1: Called Strike
3-2: Base on Balls
William Robinson to second
Batting: RHB Sidney Smith 0-0: Called Strike
0-1: Foul Ball, location: 2F
0-2: Ball
1-2: Grounds into double play, 4-6-3 (Groundball, 4)
Bottom of the 3rd over - 0 run(s), 1 hit(s), 0 error(s), 1 left on base; Lee's Summit 0 - Minnesota 1
TOP OF THE 4TH
Lee's Summit Tigers batting - Pitching for Minnesota Death Stars : RHP Dan Jones
Batting: RHB Stan Taylor 0-0: Called Strike
0-1: Swinging Strike
0-2: Fly out, F9 (Flyball, 9LS)
Batting: RHB Ricardo Velásquez 0-0: Ball
1-0: Ball
2-0: Called Strike
2-1: Ground out 5-3 (Groundball, 56S)
Batting: LHB Dudley Cooper 0-0: Fly out, F4 (Line Drive, 34)
Top of the 4th over - 0 run(s), 0 hit(s), 0 error(s), 0 left on base; Lee's Summit 0 - Minnesota 1
BOTTOM OF THE 4TH
Minnesota Death Stars batting - Pitching for Lee's Summit Tigers : RHP Patrick Singleton
Batting: LHB William Harris 0-0: Swinging Strike
0-1: Foul Ball, location: 2F
0-2: Foul Ball, location: 2F
0-2: Ball
1-2: SINGLE (Groundball, 4MD)
Batting: RHB Manuel Cintrón 0-0: Ball
1-0: Called Strike
1-1: Swinging Strike
1-2: Strikes out looking
Batting: RHB Ryan Williams 0-0: Ball
1-0: Called Strike
1-1: Ball
Wild Pitch!
William Harris to second
2-1: Called Strike
2-2: Strikes out looking
Batting: SHB Manuel Jiménez 0-0: Called Strike
0-1: Ball
1-1: Foul Ball, location: 2F
1-2: Ball
2-2: Strikes out swinging
Bottom of the 4th over - 0 run(s), 1 hit(s), 0 error(s), 1 left on base; Lee's Summit 0 - Minnesota 1
TOP OF THE 5TH
Lee's Summit Tigers batting - Pitching for Minnesota Death Stars : RHP Dan Jones
Batting: LHB Al Miller 0-0: Foul Ball, location: 2F
0-1: Foul Ball, location: 2F
0-2: Ball
1-2: Ball
2-2: Strikes out swinging
Batting: LHB Glenn Williamson 0-0: Ball
1-0: Ball
2-0: SINGLE (Flyball, 3D)
Batting: RHB Valentín Saldaña 0-0: Grounds into double play, 1-6-3 (Groundball, P)
Top of the 5th over - 0 run(s), 1 hit(s), 0 error(s), 0 left on base; Lee's Summit 0 - Minnesota 1
BOTTOM OF THE 5TH
Minnesota Death Stars batting - Pitching for Lee's Summit Tigers : RHP Patrick Singleton
Batting: RHB José Chávez 0-0: Ball
1-0: Ground out 4-3 (Groundball, 4)
Batting: RHB Sean White 0-0: Foul Ball, location: 2F
0-1: Ball
1-1: Fly out, F7 (Line Drive, 7D)
Batting: RHB William Robinson 0-0: Ball
1-0: Ball
2-0: Foul Ball, location: 2F
2-1: Foul Ball, location: 2F
2-2: Ground out 1-3 (Groundball, 15)
Bottom of the 5th over - 0 run(s), 0 hit(s), 0 error(s), 0 left on base; Lee's Summit 0 - Minnesota 1
TOP OF THE 6TH
Lee's Summit Tigers batting - Pitching for Minnesota Death Stars : RHP Dan Jones
Batting: RHB Steve Johnson 0-0: Swinging Strike
0-1: Ball
1-1: Called Strike
1-2: Strikes out looking
Batting: LHB José Guerrero 0-0: Ball
1-0: Swinging Strike
1-1: Called Strike
1-2: SINGLE (Groundball, 34S) (infield hit)
Batting: RHB Travis Ezell 0-0: Called Strike
0-1: Ball
José Guerrero is caught stealing 2nd base
1-1: Ball
2-1: Ball
3-1: Base on Balls
Batting: RHB Stan Taylor 0-0: Ball
Travis Ezell steals 2nd base
1-0: Called Strike
1-1: Fly out, F7 (Flyball, 7)
Top of the 6th over - 0 run(s), 1 hit(s), 0 error(s), 1 left on base; Lee's Summit 0 - Minnesota 1
BOTTOM OF THE 6TH
Minnesota Death Stars batting - Pitching for Lee's Summit Tigers : RHP Patrick Singleton
Batting: LHB Emílio Montoya 0-0: Ball
1-0: SINGLE (Line Drive, 6MD)
Batting: RHB Sidney Smith 0-0: Fly out, F8 (Flyball, 8RM)
Batting: LHB William Harris 0-0: Ball
Emílio Montoya is caught stealing 2nd base
1-0: SINGLE (Groundball, 34D)
Batting: RHB Manuel Cintrón 0-0: Called Strike
0-1: Fly out, F3 (Popup, 3L)
Bottom of the 6th over - 0 run(s), 2 hit(s), 0 error(s), 1 left on base; Lee's Summit 0 - Minnesota 1
TOP OF THE 7TH
Lee's Summit Tigers batting - Pitching for Minnesota Death Stars : RHP Dan Jones
Batting: RHB Ricardo Velásquez 0-0: Called Strike
0-1: Foul Ball, location: 2F
0-2: Ball
1-2: Strikes out looking
Batting: LHB Dudley Cooper 0-0: Called Strike
0-1: Ball
1-1: Ball
2-1: Called Strike
2-2: Ball
3-2: Foul Ball, location: 2F
3-2: Foul Ball, location: 2F
3-2: Foul Ball, location: 2F
3-2: Foul Ball, location: 2F
3-2: Foul Ball, location: 2F
3-2: Foul Ball, location: 2F
3-2: DOUBLE (Line Drive, 9LM)
Batting: LHB Al Miller 0-0: Called Strike
0-1: Fly out, F7 (Flyball, 7S)
Batting: LHB Glenn Williamson 0-0: Called Strike
0-1: Ball
1-1: Fly out, F9 (Flyball, 9)
Top of the 7th over - 0 run(s), 1 hit(s), 0 error(s), 1 left on base; Lee's Summit 0 - Minnesota 1
BOTTOM OF THE 7TH
Minnesota Death Stars batting - Pitching for Lee's Summit Tigers : RHP Patrick Singleton
Batting: RHB Ryan Williams 0-0: Foul Ball, location: 2F
0-1: Foul Ball, location: 2F
0-2: Ball
1-2: Ball
2-2: Ground out 3-1 (Groundball, 34S)
Pitching: LHP Dave McCoy
Batting: SHB Manuel Jiménez 0-0: Called Strike
0-1: Foul Ball, location: 2F
0-2: Foul Ball, location: 2F
0-2: SINGLE (Groundball, 34D)
Pinch Hitting: RHB Earl Godwin 0-0: Ball
Manuel Jiménez is caught stealing 2nd base
1-0: Called Strike
1-1: Swinging Strike
1-2: Strikes out looking
Bottom of the 7th over - 0 run(s), 1 hit(s), 0 error(s), 0 left on base; Lee's Summit 0 - Minnesota 1
TOP OF THE 8TH
Lee's Summit Tigers batting - Pitching for Minnesota Death Stars : RHP Dan Jones
Pitching: RHP Alfredo Ayala
Now at C: Alfonso Reyes
Now in CF: Tim Griffith
Batting: RHB Valentín Saldaña 0-0: Foul Ball, location: 2F
0-1: Fly out, F9 (Flyball, 89M)
Pitching: RHP Alfredo Cabral
Batting: RHB Steve Johnson 0-0: Called Strike
0-1: Swinging Strike
0-2: Foul Ball, location: 2F
0-2: Fly out, F9 (Flyball, 9)
Pitching: LHP Wessel Timmermans
Batting: LHB José Guerrero 0-0: Called Strike
0-1: Ball
1-1: Ball
2-1: Called Strike
2-2: Ground out 3-1 (Groundball, 34S)
Top of the 8th over - 0 run(s), 0 hit(s), 0 error(s), 0 left on base; Lee's Summit 0 - Minnesota 1
BOTTOM OF THE 8TH
Minnesota Death Stars batting - Pitching for Lee's Summit Tigers : LHP Dave McCoy
Batting: RHB Sean White 0-0: Called Strike
0-1: Foul Ball, location: 2F
0-2: Ball
1-2: Ball
2-2: Strikes out swinging
Batting: RHB William Robinson 0-0: Ball
1-0: Fly out, F7 (Flyball, 78D)
Batting: LHB Emílio Montoya 0-0: Called Strike
0-1: Ball
1-1: Ball
2-1: SINGLE (Flyball, 89S)
Pinch Hitting: RHB Alfredo Villegas 0-0: Ball
1-0: Swinging Strike
1-1: Foul Ball, location: 2F
1-2: Ball
Emílio Montoya steals 2nd base
2-2: Ball
3-2: Ground out 5-3 (Groundball, 56)
Bottom of the 8th over - 0 run(s), 1 hit(s), 0 error(s), 1 left on base; Lee's Summit 0 - Minnesota 1
TOP OF THE 9TH
Lee's Summit Tigers batting - Pitching for Minnesota Death Stars : LHP Wessel Timmermans
Pitching: RHP Raymond Gibbons
Now at 1B: Shannon Hunter
Now at 2B: Alfredo Villegas
Batting: RHB Travis Ezell 0-0: Called Strike
0-1: Ball
1-1: Foul Ball, location: 2F
1-2: Ball
2-2: Foul Ball, location: 2F
2-2: Ball
3-2: Strikes out swinging
Batting: RHB Stan Taylor 0-0: Ball
1-0: Ball
2-0: Ground out 6-3 (Groundball, 6M)
Batting: RHB Ricardo Velásquez 0-0: Called Strike
0-1: Swinging Strike
0-2: Fly out, F9 (Flyball, 9LM)
Top of the 9th over - 0 run(s), 0 hit(s), 0 error(s), 0 left on base; Lee's Summit 0 - Minnesota 1
Tuesday, August 8th, 2017 - OOTP Baseball 17.12 Build 75